 Dungeon Crawl Stone Soup version 0.30-a0-972-gf3ab3527aa (webtiles) character file.

Game seed: 8924488558974501234

27 kannibaal the Trooper (level 2, 27/27 HPs)
             Began as a Minotaur Berserker on Feb 1, 2023.
             Was a Follower of Trog.
             Quit the game on level 1 of the Dungeon on Dec 12, 2023.
             The game lasted 00:10:50 (879 turns).

kannibaal the Trooper (Minotaur Berserker)           Turns: 879, Time: 00:10:51

Health: 27/27      AC:  3    Str: 21    XL:     2   Next: 93%
Magic:  1/1        EV: 12    Int:  4    God:    Trog [*.....]
Gold:   59         SH:  0    Dex:  9    Spells: 1/1 levels left

rFire   . . .      SeeInvis .    n - +0 hand axe
rCold   . . .      Faith    .    (no shield)
rNeg    . . .      Spirit   .    j - +0 leather armour
rPois   .          Reflect  .    (helmet restricted)
rElec   .          Rampage  .    (no cloak)
rCorr   .                        (no gloves)
Will    .....                    (no boots)
Stlth   +                        (no amulet)
HPRegen 0.24/turn                (no ring)
MPRegen 0.07/turn                (no ring)

@: no status effects
A: horns 2, retaliatory headbutt
a: Renounce Religion, Berserk


You were on level 1 of the Dungeon.
You worshipped Trog.
Trog was aware of your devotion.
You visited 1 branch of the dungeon, and saw 1 of its levels.

You collected 59 gold pieces.

Inventory:

Hand Weapons
 a - a +0 hand axe
 g - a +1 dagger of venom
 n - a +0 hand axe (weapon)
Armour
 j - a +0 leather armour (worn)
Jewellery
 d - an amulet of magic regeneration
 m - an amulet of guardian spirit
Scrolls
 b - a scroll of enchant armour {unknown}
 e - a scroll of immolation {unknown}
 f - 2 scrolls of teleportation {unknown}
 h - a scroll of noise {unknown}
Potions
 c - a potion of haste {unknown}
 i - a potion of flight {unknown}
 k - 2 potions of attraction {unknown}
 l - a potion of resistance {unknown}


   Skills:
 + Level 4.0 Fighting
 + Level 4.0 Axes
 + Level 2.9 Armour
 + Level 2.6 Dodging


You had one spell level left.
You didn't know any spells.
Your spell library was empty.

Dungeon Overview and Level Annotations

Branches:
Dungeon (1/15)

Altars:


Innate Abilities, Weirdness & Mutations

You have a pair of horns on your head.
You reflexively headbutt those who attack you in melee.


Message History

You closely miss the ball python. Your headbutt misses the ball python.
The ball python is severely wounded.
The ball python bites you. The ball python constricts you.
You barely miss the ball python.
The ball python is moderately wounded.
The ball python bites you but does no damage.
The ball python constricts you.
The ball python bites you but does no damage.
The ball python constricts you.
You closely miss the ball python.
The ball python is moderately wounded.
The ball python bites you. The ball python constricts you.
You slash the ball python!
You kill the ball python!
Trog accepts your kill.
Done exploring.
Search for what [? for help]? .
Done exploring.
Search for what [Enter for "."]? .
Things that are here:
a +0 club; a goblin corpse You see here a +0 hand axe.
n - a +0 hand axe
n - a +0 hand axe (weapon)
Setting a skill training target for Axes at 14.0.
You see here a +0 club.
You see here a book of Scorching.
Save game and exit?
Welcome back, kannibaal the Minotaur Berserker.
Trog says: Kill them all!
Press ? for a list of commands and other information.
You see here a book of Scorching.
Done exploring.
Okay, then.
Unknown command.
Unknown command.
Unknown command.
Unknown command.
Okay, then.
Are you sure you want to abandon this character and quit the game? (Confirm with "yes".)

#.##.####...#.##..#.#.#.....# ###
.....####...#.##..........#.# #..
#.##................###...#.###.#
..##..........####........#.....#
####.#########.........#######...
####.# #.###..##....#......
.....# #.# #......#.#.###..
###### ###.####.#####.#.# #..
#....@.#.........# ##.
#.#.#..######.#### #. #.#.#..#
#.# #. #.#.#..# ###.### #.
#.#.#..# #.....# ## #.#.#..#
#.....# #......# #.....# ###...##
#.....# ###.#####.....#


There were no monsters in sight!

Vanquished Creatures
  A dart slug (D:1)
  2 endoplasms (D:1)
  2 giant cockroaches (D:1)
  3 goblins (D:1)
  4 hobgoblins (D:1)
  5 ball pythons (D:1)
  A bat (D:1)
  3 kobolds (D:1)
  2 rats (D:1)
23 creatures vanquished.

Notes
Turn   | Place    | Note
-------+----------+-------------------------------------------
     0 | D:1      | kannibaal the Minotaur Berserker began the quest for the
                  | Orb.
     0 | D:1      | Reached XP level 1. HP: 19/19 MP: 0/0
   179 | D:1      | Reached XP level 2. HP: 27/27 MP: 1/1
   190 | D:1      | Upgraded the game from 0.30-a0-737-gf23d94013f to
                  | 0.30-a0-972-gf3ab3527aa
   879 | D:1      | Quit the game

Illustrated notes

Levels and vault maps discovered:
D:1:      lightli_arrival_statue_moat, layout_loops_cross, minmay_misc_feat_tiny

Skill      XL: |  1  2 |
---------------+-------+-----
Fighting       | 4 |  4.0
Axes           | 4 |  4.0
Armour         | |  2.9
Dodging        | |  2.6

Action                     || total
---------------------------++-------
  Melee: Hand axe          ||    55
         Headbutt          ||     6
  Throw: Stone             ||    14
 Armour: Animal skin       ||     7
         Leather armour    ||     8
  Dodge: Dodged            ||    35

Table legend: (Time is in decaauts)
 A = Elapsed time spent in this place.
 B = Non-inter-level travel time spent in this place.
 C = Inter-level travel time spent in this place.
 D = Time resting spent in this place.
 E = Time spent auto-exploring this place.
 F = Levels seen in this place.
 G = Mean time per level.
                   A        B        C        D        E       F      G
               +--------+--------+--------+--------+--------+-----+--------+
         Total |    883 |    835 |     48 |      0 |    558 |   1 |  883.0 |
       Dungeon |    883 |    835 |     48 |      0 |    558 |   1 |  883.0 |
               +--------+--------+--------+--------+--------+-----+--------+

Top non-repeatable levels by time:
     D:1: 883 daAuts
